Nobbs, chaotic male elven Wizard ----- ------ -------- |.... |@s..| |......| #[.)<| qu>..| |......-#####|%[.| |)...| |.. ...| # ..-.- --------.---- ------ |.......## # ### |`..........| |....(.| # |.....*.....| ---.---- #### |.......-...| # ## ....|.{.....| ### `*..`.{.{|...| ------- #..----..# #....|.{.|.*.| ##......| |.......####|....-.--...| # |.....|# ...^...| # |.....`.....-###*## |....^.# .......| |`.........`| ------- ........ ------------- -------- Nobbs the Thaumaturge Experience level: 6 Strength: 10 Dexterity: 14 Constitution: 15 Intelligence: 19 Wisdom: 11 Charisma: 10 Health: 36(42) Energy: 82(82) Def: 4 Gold: 1405 Moves: 4723 Dungeon seed: 5Ldahg0ldiL8qx8J Game ID: Nobbs_1509472289 Your Inventory: Coins $ - 1405 gold pieces Wands b - a wand of secret door detection (0:15) A - a wand of fire (0:4) Z - a wand of striking (0:7) Weapons a - a blessed +1 quarterstaff v - a +0 dwarvish short sword D - 9 +0 darts M - a blessed +0 orcish dagger Armor e - an uncursed +0 cloak of magic resistance (being worn) W - a blessed +1 pair of elven boots (being worn) Y - a blessed +0 pair of gauntlets of dexterity (being worn) Comestibles p - 2 uncursed cream pies t - 2 uncursed tripe rations w - 3 uncursed food rations F - 2 uncursed carrots Scrolls i - an uncursed scroll of light j - an uncursed scroll of create monster k - 2 uncursed scrolls of enchant weapon o - 2 uncursed scrolls of amnesia B - 2 uncursed scrolls of earth C - 2 cursed scrolls of teleportation E - a blessed scroll of enchant weapon P - a cursed scroll of remove curse Q - a blessed scroll of teleportation Spellbooks l - a blessed spellbook of force bolt m - an uncursed spellbook of charm monster R - an uncursed spellbook of haste self V - an uncursed spellbook of haste self Potions f - a blessed potion of see invisible g - an uncursed potion of gain energy h - a blessed potion of sickness u - 2 uncursed potions of water x - an uncursed potion of restore ability H - 2 uncursed potions of monster detection I - an uncursed potion of speed L - an uncursed potion of fruit juice O - an uncursed potion of blindness S - an uncursed potion of object detection T - an uncursed potion of paralysis Rings c - an uncursed ring of poison resistance (on left hand) d - an uncursed ring of slow digestion (on right hand) s - a cursed ring of polymorph X - an uncursed ring of polymorph control Tools n - an uncursed wooden flute q - an uncursed brass lantern (0:1236) r - an uncursed tooled horn G - a cursed oil lamp (0:1017) (weapon in hand) J - an uncursed tin whistle K - an expensive camera (0:76) U - an uncursed tooled horn Gems y - an uncursed worthless piece of black glass z - an uncursed worthless piece of green glass N - an uncursed worthless piece of violet glass Spells and supernatural/magical abilities: Name Level Category Fail Memory a - force bolt 1 attack 0% 77% e - charm monster 3 enchantment 0% 77% H - haste self 3 escape 71% 96% W - pray for help -- divine ? -- Your skills at the end: Fighting Skills Weapon Skills quarterstaff [Basic] Spellcasting Skills attack spells [Basic] enchantment spells [Basic] Final Attributes: You were piously aligned. You were sleep resistant. You were poison resistant. You were magic-protected. You were telepathic. You had infravision. You were stealthy. You had slower digestion. You survived. Vanquished creatures: a ghost a soldier an orc-captain a snake 3 human zombies 4 bugbears a water nymph 2 rock piercers a yellow light a kobold mummy a baby crocodile 2 giant ants 3 floating eyes a kitten 2 dwarves 4 hill orcs 2 rothes 2 giant bats a werejackal an iguana 3 killer bees 3 acid blobs 2 coyotes 6 hobgoblins 10 giant rats 3 yellow molds a green mold 2 gnomes 5 geckos 6 jackals 2 foxes 3 goblins 3 sewer rats 14 grid bugs 5 bats 2 lichens a kobold zombie 6 newts 112 creatures vanquished. Voluntary challenges: You had been an atheist until turn 2970. You used a wielded weapon 41 times, starting on turn 129. You read items or engraved 14 times, starting on turn 2535. You never genocided any monsters. You never polymorphed an object. You never changed form. You used no wishes. You never split a pudding. You wrote Elbereth's name 4 times, starting on turn 4196. You violated your moral code, losing 4 points of alignment, starting on turn 3653. Dungeon overview: The Dungeons of Doom: levels 1 to 9 Level 1 a long staircase Level 2 a general store, some fountains Level 3 a hardware shop, a fountain stairs to The Gnomish Mines Level 4 a general store Level 5 a fountain Level 6 a fountain Level 7 a fountain Level 8 <- You were here many fountains Level 9 a fountain stairs to Sokoban The Gnomish Mines: Level 4 stairs to The Dungeons of Doom Sokoban: Level 8 stairs to The Dungeons of Doom History has recorded: On T:1 you entered the Dungeons of Doom to retrieve the Amulet of Yendor! On T:208 you reached level 2 of The Dungeons of Doom. On T:882 you reached level 3 of The Dungeons of Doom. On T:978 you advanced to experience level 2. On T:1039 you reached level 4 of The Dungeons of Doom. On T:1087 you reached level 1 of The Gnomish Mines. On T:1742 you advanced to experience level 3. On T:2037 you reached level 5 of The Dungeons of Doom. On T:2096 you reached level 6 of The Dungeons of Doom. On T:2416 you advanced to experience level 4. On T:3224 you advanced to experience level 5. On T:3303 you reached level 7 of The Dungeons of Doom. On T:3816 you reached level 8 of The Dungeons of Doom. On T:4071 you reached level 9 of The Dungeons of Doom. On T:4188 you reached level 4 of Sokoban. On T:4568 you advanced to experience level 6. Score breakdown: Gold: 1405 (10708 points) Experience: 6 levels (12456 points) Exploration: 9 levels ( 20.00%) (12792 points) Discoveries: 9 items ( 3.26%) ( 5417 points) Valuables value: (no points given unless you survive) Artifact value: 0 ( 0 points) Variety of kills: 38 monsters ( 9.97%) ( 9474 points) Turncount: 4723 turns (-1270 points) Survival: quit (score multiplied by 90%) Total score: 44619 Latest messages: You displace your giant bat. You fall into a pit! You have a little trouble lifting C - a scroll labeled FOOBIE BLETCH. (2x) Your knapsack cannot accommodate any more items. There are many more objects here. Your knapsack cannot accommodate any more items. You drop a wand of nothing (0:7). You have a little trouble lifting G - a lamp. You are now wielding your lamp. You see a puff of smoke. You see a puff of smoke. In a cloud of smoke, a djinni emerges! The djinni speaks. "You freed me!" Final status: Goodbye Nobbs the Wizard, quit... You quit in The Dungeons of Doom on dungeon level 8 with 44619 points, and 1405 pieces of gold, after 4723 moves. You were level 6 with a maximum of 42 hit points when you quit.